 Dungeon Crawl Stone Soup version 0.27-a0-1555-g0e7b3fb1d2 (webtiles) character file.

Game seed: 13738328868898310926

53538 Froggeryz the Bludgeoner (level 15, -3/175 HPs)
             Began as a Human Berserker on July 15, 2021.
             Was a High Priest of Trog.
             Slain by a two-headed ogre (9 damage)
             ... on level 1 of the Orcish Mines.
             The game lasted 00:32:14 (30309 turns).

Froggeryz the Bludgeoner (Human Berserker)         Turns: 30309, Time: 00:32:15

Health: -3/175     AC: 17    Str: 22    XL:     15   Next: 10%
Magic:  15/15      EV: 15    Int:  8    God:    Trog [*****.]
Gold:   1837       SH: 13    Dex: 20    Spells: 14/14 levels left

rFire    . . .     SeeInvis .   T - +6 demon whip (elec)
rCold    . . .     Faith    .   R - +0 buckler
rNeg     . . .     Spirit   .   s - +0 ring mail {Will+}
rPois    .         Reflect  +   P - +0 helmet
rElec    .         Harm     .   M - +0 cloak {rCorr}
rCorr    +         Rampage  .   z - +0 pair of gloves
Will     ++...                  V - +1 pair of boots
Stlth    ..........             r - amulet of reflection
HPRegen  0.39/turn              t - +6 ring of dexterity
MPRegen  0.14/turn              U - +4 ring of protection

@: berserking, very quick
A: no striking features
a: Renounce Religion, Berserk, Trog's Hand, Brothers in Arms


You were on level 1 of the Orcish Mines.
You worshipped Trog.
Trog was extremely pleased with you.
You visited 4 branches of the dungeon, and saw 22 of its levels.
You also visited: Bailey.

You collected 1837 gold pieces.

Inventory:

Hand Weapons
 T - a +6 demon whip of electrocution (weapon)
Missiles
 e - 2 throwing nets
 f - 16 boomerangs
 x - 5 silver javelins
 y - 5 silver boomerangs
 E - 18 poisoned darts (quivered)
 G - 5 boomerangs of dispersal
 H - 7 curare-tipped darts
Armour
 a - a +2 kite shield
 s - a +0 ring mail of willpower (worn)
 z - a +0 pair of gloves (worn)
 M - a +0 cloak of preservation (worn)
 P - a +0 helmet (worn)
 Q - a +1 ring mail of poison resistance
 R - a +0 buckler (worn)
 V - a +1 pair of boots (worn)
Jewellery
 g - the ring "Ogioj" {rN+ Stlth+}
   (You found it on level 4 of the Lair of Beasts)

   [ring of positive energy]

   rN:        It protects you from negative energy.
   Stlth:     It makes you more stealthy.
 r - an amulet of reflection (around neck)
 t - a +6 ring of dexterity (left hand)
 B - a ring of protection from fire
 U - a +4 ring of protection (right hand)
Wands
 d - a wand of digging (10)
 o - a wand of flame (68)
 w - a wand of acid (18)
 F - a wand of iceblast (24)
 X - a wand of mindburst (27)
 Y - a wand of paralysis (8)
Scrolls
 h - 2 scrolls of blinking
 i - 10 scrolls of teleportation
 j - 5 scrolls of magic mapping
 l - 3 scrolls of immolation
 n - a scroll of silence
 L - 4 scrolls of enchant armour
 N - a scroll of fog
 O - 3 scrolls of holy word
 S - 2 scrolls of fear
Potions
 b - a potion of attraction {unknown}
 c - 4 potions of magic {unknown}
 k - 4 potions of lignification
 m - 5 potions of cancellation {unknown}
 p - a potion of degeneration {unknown}
 q - a potion of flight {unknown}
 u - 3 potions of haste
 A - 2 potions of curing
 C - 2 potions of resistance {unknown}
 D - 3 potions of ambrosia {unknown}
 I - 4 potions of mutation {unknown}
 J - 3 potions of might {unknown}
 K - a potion of heal wounds {unknown}
 W - a potion of brilliance {unknown}
Miscellaneous
 v - a condenser vane


   Skills:
 + Level 10.7 Fighting
 - Level 16.0 Maces & Flails
 - Level 3.2 Throwing
 - Level 8.0 Armour
 + Level 6.4 Dodging
 + Level 12.6 Shields


You had 14 spell levels left.
You didn't know any spells.
Your spell library was empty.

Dungeon Overview and Level Annotations

Branches:
Dungeon (13/15)            Temple (0/1) D:5            Lair (6/6) D:8
 Shoals (0/4) Lair:2        Snake (0/4) Lair:3        Slime (1/5) Lair:6
    Orc (2/2) D:10            Elf (0/3) Orc:2        Bailey (visited)
 Vaults: D:13-14

Altars:
Ashenzari
Gozag
Makhleb
Yredelemnul
Beogh
Jiyva

Annotations:
Lair:2 1 runed translucent door, Edduzul's ghost, journeyman GnAr


Message History

The two-headed ogre hits you with a +0 dire flail!
You block the two-headed ogre's attack.
Things that are here:
a +0 giant club; a +0 giant club; a two-headed ogre corpse You whack the ogre mage!
The ogre mage is lightly wounded.
The two-headed ogre hits you with a +0 giant club!!
The two-headed ogre hits you with a +0 giant club.
* * * LOW HITPOINT WARNING * * *
You barely miss the ogre mage.
The ogre mage is lightly wounded.
The ogre mage hits you with a +0 halberd.
* * * LOW HITPOINT WARNING * * *
You whack the ogre mage!
The ogre mage is moderately wounded.
You block the two-headed ogre's attack. x2
The two-headed ogre closely misses you. x2
You whack the ogre mage!
The ogre mage is severely wounded.
The ogre mage barely misses you. The two-headed ogre barely misses you.
The two-headed ogre hits you with a +0 giant club!
* * * LOW HITPOINT WARNING * * *
A red film seems to cover your vision as you go berserk!
You feel yourself moving faster!
You feel mighty!
The two-headed ogre barely misses you. x2
The two-headed ogre hits you with a +0 giant club!!
* * * LOW HITPOINT WARNING * * *
The two-headed ogre barely misses you. The ogre mage casts a spell at you.
The bolt of magma hits you.
* * * LOW HITPOINT WARNING * * *
You thrash the ogre mage!!
You kill the ogre mage!
Trog accepts your kill.
Trog appreciates your killing of a magic user.
You whack the two-headed ogre!
Lightning courses through the two-headed ogre!
The two-headed ogre is heavily wounded.
The two-headed ogre hits you with a +0 giant club!
You die...

...........
.........#.###..........
............#......#....
...........#^....$#...#
.........>...$.........#
).......................
)...........$..>...#....
.............$.O).......
................@)......
...............O........
...........#............
......................#.
.....#.....#>#..........
......#....###..........
........#.#.#.........##
...##....#...........##
..#.##......##.#...


You could see 2 two-headed ogres.

Vanquished Creatures
  An orc warlord (Orc:2)
  Azrael (D:12)
  A fire dragon (Lair:6)
  2 boulder beetles
  Harold (D:7)
  An ogre mage (Orc:1)
  3 hydras
  A death knight (D:12)
  8 two-headed ogres
  Erica (Lair:1)
  Sonja (Orc:1)
  Nergalle (D:10)
  A swamp dragon (Lair:6)
  The ghost of flinch the Covert, a novice FeTm of Nemelex Xobeh (D:11)
  2 orc knights
  A manticore (D:11)
  2 merfolk sirens (Lair:2)
  3 cyclopes
  An elephant (Lair:3)
  11 black mambas
  A centaur zombie (D:9)
  A torpor snail (Lair:5)
  7 cane toads
  Joseph (D:10)
  A gargoyle (D:12)
  2 rime drakes (Lair:6)
  11 komodo dragons
  2 kobold demonologists
  An unseen horror (D:10)
  Maggie (D:6)
  A freezing wraith (D:8)
  3 trolls
  2 merfolk (Lair:2)
  4 polar bears
  2 hornets
  10 blink frogs
  A water elemental (D:12)
  A spriggan (Lair:2)
  A wyvern (D:9)
  34 yaks
  A wraith (D:12)
  5 fire elementals (D:12)
  2 basilisks
  A steam dragon (Lair:4)
  3 wargs
  22 water moccasins
  3 hell hounds (D:12)
  5 swamp drakes (Lair:6)
  22 orc warriors
  3 black bears
  2 necrophages
  11 ogres
  12 wolves
  14 centaurs
  A phantom (D:5)
  6 kobold brigands
  9 bullfrogs
  2 gnoll sergeants
  A wyvern zombie (D:8)
  4 scorpions
  12 wights
  3 howler monkeys (D:10)
  A jelly (D:4)
  2 hounds
  A bullfrog skeleton (D:5)
  A bullfrog zombie (D:5)
  A gnoll shaman (D:6)
  7 orc priests
  A centaur skeleton (D:4)
  4 iguanas
  Natasha (thrice) (D:2)
  11 orc wizards
  Terence (D:2)
  A hound zombie (D:5)
  A hound skeleton (D:4)
  7 adders
  12 gnolls
  A white imp (D:8)
  A worm (D:4)
  2 dart slugs
  74 orcs
  An endoplasm (D:1)
  A giant cockroach (D:1)
  9 hobgoblins
  4 jackals (D:1)
  31 kobolds
  2 quokkas
  8 ball pythons
  3 bats
  2 frilled lizards
  8 goblins
  4 rats
  A toadstool (D:1)
481 creatures vanquished.

Vanquished Creatures (others)
  19 fungi
  45 plants
  3 toadstools (D:1)
67 creatures vanquished.

Grand Total: 548 creatures vanquished

Notes
Turn   | Place    | Note
-------+----------+-------------------------------------------
     0 | D:1      | Froggeryz the Human Berserker began the quest for the Orb.
     0 | D:1      | Reached XP level 1. HP: 18/18 MP: 1/1
   145 | D:1      | Reached XP level 2. HP: 24/24 MP: 2/2
   672 | D:2      | Reached skill level 4 in Maces & Flails
   672 | D:2      | Reached XP level 3. HP: 27/29 MP: 3/3
   768 | D:2      | Reached ** piety under Trog
   984 | D:2      | Noticed Natasha
   989 | D:2      | Killed Natasha
   990 | D:2      | Reached XP level 4. HP: 35/35 MP: 4/4
  1041 | D:2      | Noticed Natasha
  1048 | D:2      | Killed Natasha
  1049 | D:2      | Reached skill level 5 in Maces & Flails
  1189 | D:2      | Reached XP level 5. HP: 35/41 MP: 5/5
  1295 | D:2      | Noticed Natasha
  1308 | D:2      | Killed Natasha
  1496 | D:2      | Noticed Terence
  1557 | D:2      | Killed Terence
  1779 | D:3      | Noticed a black bear
  1788 | D:3      | Killed a black bear
  1789 | D:3      | Reached skill level 6 in Maces & Flails
  1789 | D:3      | Reached XP level 6. HP: 47/47 MP: 6/6
  2296 | D:4      | Noticed an ogre
  2301 | D:4      | Killed an ogre
  2302 | D:4      | Reached skill level 7 in Maces & Flails
  2390 | D:4      | Found a broken altar of Ashenzari.
  2449 | D:4      | Noticed a black bear
  2455 | D:4      | Killed a black bear
  2456 | D:4      | Reached XP level 7. HP: 52/52 MP: 7/7
  2920 | D:4      | Reached skill level 8 in Maces & Flails
  3973 | D:4      | Reached XP level 8. HP: 58/58 MP: 8/8
  4161 | D:5      | Entered Level 5 of the Dungeon
  4384 | D:5      | Reached skill level 9 in Maces & Flails
  4390 | D:5      | Identified the +6 mace "Gumir" {venom, Dex+4}
  4408 | D:5      | Reached *** piety under Trog
  4735 | D:5      | Found a staircase to the Ecumenical Temple.
  5124 | D:4      | Reached skill level 10 in Maces & Flails
  5875 | D:6      | Reached XP level 9. HP: 64/64 MP: 9/9
  6065 | D:6      | Noticed Maggie
  6076 | D:6      | Killed Maggie
  6312 | D:6      | Reached skill level 11 in Maces & Flails
  6588 | D:6      | Reached skill level 5 in Fighting
  7402 | D:7      | Reached skill level 1 in Shields
  7579 | D:7      | Noticed Harold
  7604 | D:7      | Killed Harold
  7605 | D:7      | Reached skill level 12 in Maces & Flails
  7605 | D:7      | Reached XP level 10. HP: 74/74 MP: 10/10
  7915 | D:7      | Reached **** piety under Trog
  8380 | D:8      | Found a staircase to the Lair.
  8442 | D:8      | Noticed a two-headed ogre
  8454 | D:8      | Killed a two-headed ogre
  8455 | D:8      | Reached skill level 13 in Maces & Flails
  8609 | D:8      | Noticed a freezing wraith
  8623 | D:8      | Killed a freezing wraith
  8755 | D:8      | Reached skill level 5 in Shields
  9269 | D:8      | Found a burning altar of Makhleb.
  9270 | D:8      | Found an opulent altar of Gozag.
  9274 | D:8      | Found a basalt altar of Yredelemnul.
  9575 | D:9      | Reached XP level 11. HP: 76/79 MP: 11/11
  9731 | D:9      | Found a flagged portal.
  9740 | Bailey   | Entered a bailey
 10405 | Bailey   | Noticed an orc knight
 10406 | Bailey   | Noticed an orc knight
 10734 | Bailey   | Killed an orc knight
 10735 | Bailey   | Reached skill level 14 in Maces & Flails
 10861 | Bailey   | Reached ***** piety under Trog
 11003 | Bailey   | Acquired a +0 cloak of preservation
 11058 | Bailey   | Noticed an orc knight
 11609 | D:9      | Noticed a two-headed ogre
 11616 | D:9      | Killed a two-headed ogre
 12335 | D:9      | Paralysed by a hornet for 2 turns
 12694 | D:10     | Entered Level 10 of the Dungeon
 12880 | D:10     | Noticed a two-headed ogre
 12905 | D:10     | Killed a two-headed ogre
 12906 | D:10     | Reached skill level 15 in Maces & Flails
 12906 | D:10     | Reached skill level 1 in Throwing
 13244 | D:10     | Noticed a two-headed ogre
 13250 | D:10     | Killed a two-headed ogre
 13251 | D:10     | Reached XP level 12. HP: 62/86 MP: 12/12
 13463 | D:10     | Noticed Joseph
 13485 | D:10     | Killed Joseph
 13612 | D:10     | Found a staircase to the Orcish Mines.
 14805 | D:11     | Noticed Nergalle
 14964 | D:10     | Killed Nergalle
 16305 | D:11     | Found a large runed translucent door.
 16305 | D:11     | Found a large runed translucent door.
 16307 | D:11     | Noticed flinch's ghost (novice FeTm)
 16488 | D:11     | Killed flinch's ghost
 16752 | D:12     | Reached skill level 16 in Maces & Flails
 16808 | D:12     | Noticed Azrael
 16853 | D:12     | Noticed a boulder beetle
 16871 | D:12     | Killed a boulder beetle
 17476 | D:12     | Noticed a seven-headed hydra
 17484 | D:12     | Killed a seven-headed hydra
 17485 | D:12     | Reached XP level 13. HP: 93/93 MP: 13/13
 17619 | D:12     | Noticed a five-headed hydra
 17697 | D:12     | Killed Azrael
 17698 | D:12     | Reached skill level 5 in Armour
 19060 | D:12     | Reached skill level 10 in Shields
 19502 | Lair:1   | Entered Level 1 of the Lair of Beasts
 19885 | Lair:1   | Noticed Erica
 19918 | Lair:1   | Killed Erica
 20992 | Lair:2   | Found a runed translucent door.
 20995 | Lair:2   | Noticed Edduzul's ghost (journeyman GnAr)
 20995 | Lair:2   | Identified the +5 spear of Comepimp {elec, Drain Int+5
                  | Dex+4}
 21605 | Lair:2   | Found a staircase to the Shoals.
 22993 | Lair:3   | Found a staircase to the Snake Pit.
 23913 | Lair:3   | Noticed a six-headed hydra
 23926 | Lair:3   | Killed a six-headed hydra
 23927 | Lair:3   | Reached XP level 14. HP: 106/106 MP: 14/14
 25449 | Lair:4   | Received a gift from Trog
 25757 | Lair:4   | Identified the ring "Ogioj" {rN+ Stlth+}
 27260 | Lair:6   | Entered Level 6 of the Lair of Beasts
 27260 | Lair:6   | Found a staircase to the Slime Pits.
 27260 | Lair:6   | Found a viscous altar of Jiyva.
 28011 | Lair:6   | Reached skill level 10 in Fighting
 28096 | Lair:6   | Reached skill level 5 in Dodging
 28624 | Slime:1  | Entered Level 1 of the Pits of Slime
 28776 | Orc:1    | Entered Level 1 of the Orcish Mines
 28925 | Orc:2    | Entered Level 2 of the Orcish Mines
 28925 | Orc:2    | Found a staircase to the Elven Halls.
 29574 | Orc:2    | Noticed an orc warlord
 29875 | Orc:2    | Killed an orc warlord
 30087 | Orc:1    | Noticed Sonja
 30094 | Orc:1    | Killed Sonja
 30097 | Orc:1    | Received a gift from Trog
 30284 | Orc:1    | Reached XP level 15. HP: 117/117 MP: 15/15
 30307 | Orc:1    | HP: 7/175 [two-headed ogre (26)]
 30309 | Orc:1    | Slain by a two-headed ogre

Illustrated notes

Levels and vault maps discovered:
D:1:      ldierk_water_garden, layout_basic, chequers_serial_rivers_micro_e
D:2:      layout_basic, serial_forest, infiniplex_forest_lined_3_way,
          infiniplex_forest_straight_2, infiniplex_forest_lined_corner,
          infiniplex_forest_end_2, infiniplex_forest_straight_4, uniq_terence,
          uniq_natasha
D:3:      layout_rooms
D:4:      layout_loops_corners, mainiacjoe_overflow_catwalk, minmay_bisected
D:5:      layout_gridville, minmay_temple_entry_overgrown
D:6:      layout_loops_corners, chequers_garden, uniq_maggie
D:7:      layout_cave_pools, hangedman_decor_push, uniq_harold
D:8:      layout_loops_ring, grunt_temple_overflow_open, lair_entry_dummy,
          minmay_three_doors
D:9:      corexii_shack_village, layout_irregular_city, enter_bailey_2,
          hangedman_abyss_or_decor_passed, minmay_misc_feat_x
D:10:     layout_basic, orc_0_dummy, uniq_joseph
D:11:     layout_rooms, ebering_ghost_disaster_area, uniq_nergalle
D:12:     layout_irregular_city, serial_co_window_serial, co_window_paths_b,
          co_window_paths_b, co_window_paths_b, co_window_corner_a,
          co_window_paths_a, co_window_corner_a, co_window_of_opportunity_a,
          co_window_corner_ca, co_window_of_opportunity_b, co_window_cross_3,
          co_window_of_opportunity_b, glass_columns_a, glass_columns_b,
          glass_columns_b, glass_columns_b, nrook_pool_corridor, st_stairs_10,
          uniq_azrael
D:13:     layout_long_grid, lightli_vaults_fourway_checkpoint, uniq_erolcha
Lair:1:   layout_loops_ring, uniq_erica
Lair:2:   layout_layer_cave, elwin_shoals_entry_stream,
          ebering_ghost_funeral_grove, grunt_forest_large_clearing_hut
Lair:3:   layout_roguey, minmay_snake_entry_six_corridors,
          mumra_transporter_accident, chequers_serial_rivers_small_b,
          minmay_shattered_shrine
Lair:4:   layout_loops_ring
Lair:5:   layout_misc_corridors
Lair:6:   guppyfry_lair_end_dragon, layout_regular_city, slime_altar_1
Slime:1:  cheibrodos_slime_lost_civilization_8, layout_caves
Orc:1:    layout_caves, uniq_sonja
Orc:2:    st_orc_pillars, layout_diamond_mine, serial_shops, shop,
          gammafunk_ghost_wrathful_warriors, basic_altar, mines1_david,
          uniq_urug

Skill      XL: |  1  2  3  4  5  6  7  8  9 10 11 12 13 14 |
---------------+-------------------------------------------+-----
Maces & Flails | 4 5 6 7 8 10 12 13 15 16 | 16.0
Armour         | 3 4 7 8 |  8.0
Fighting       | 5 6 8 10 | 10.7
Shields        | 2 5 7 9 11 12 | 12.6
Throwing       | 1 3 |  3.2
Dodging        | 6 |  6.4

Action                   |  1- 3 |  4- 6 |  7- 9 | 10-12 | 13-15 || total
-------------------------+-------+-------+-------+-------+-------++-------
Melee: Mace              |    72 |   101 |   273 |   600 |   431 ||  1477
       Flail             |       |       |       |    25 |       ||    25
       Morningstar       |       |       |       |       |   471 ||   471
       Demon whip        |       |       |       |       |    26 ||    26
Throw: Dart              |       |       |       |    45 |     3 ||    48
       Boomerang         |       |       |       |     5 |     1 ||     6
       Throwing net      |       |       |       |     1 |       ||     1
Invok: Berserk           |     2 |     5 |    13 |    14 |    11 ||    45
       Brothers in Arms  |       |       |       |     1 |       ||     1
       Trog's Hand       |       |       |       |     1 |     2 ||     3
Evoke: Wand              |       |       |       |     1 |     3 ||     4
  Use: Scroll            |       |       |       |    11 |     8 ||    19
       Potion            |       |       |       |     2 |       ||     2
 Stab: Paralysed         |       |       |       |       |     2 ||     2
       Confused          |       |       |       |       |     1 ||     1
       Sleeping          |       |       |       |       |     1 ||     1
Armor: Ring mail         |     4 |       |       |    70 |   160 ||   234
       Scale mail        |    22 |    44 |    87 |   121 |       ||   274
Dodge: Dodged            |    41 |    51 |   122 |   317 |   306 ||   837
Block: Other             |       |       |     1 |   137 |       ||   138
       Reflection        |       |       |       |    12 |     6 ||    18
       Buckler           |       |       |       |    35 |   487 ||   522

Table legend: (Time is in decaauts)
 A = Elapsed time spent in this place.
 B = Non-inter-level travel time spent in this place.
 C = Inter-level travel time spent in this place.
 D = Time resting spent in this place.
 E = Time spent auto-exploring this place.
 F = Levels seen in this place.
 G = Mean time per level.
                   A        B        C        D        E       F      G
               +--------+--------+--------+--------+--------+-----+--------+
         Total |  30343 |  29531 |    812 |   8561 |  16835 |  23 | 1319.3 |
       Dungeon |  18458 |  17890 |    568 |   6143 |   9359 |  13 | 1419.8 |
          Lair |   9107 |   8908 |    199 |   1481 |   6424 |   6 | 1517.8 |
    Slime Pits |      1 |      1 |      0 |      0 |      0 |   1 |    1.0 |
  Orcish Mines |   1416 |   1371 |     45 |    186 |    820 |   2 |  708.0 |
        Bailey |   1359 |   1359 |      0 |    749 |    231 |   1 | 1359.0 |
               +--------+--------+--------+--------+--------+-----+--------+

Top non-repeatable levels by time:
    D:10: 2748 daAuts
     D:9: 2288 daAuts
     D:4: 2256 daAuts
  Lair:3: 2231 daAuts
  Lair:2: 2040 daAuts
    D:12: 1789 daAuts
     D:6: 1670 daAuts
    D:11: 1489 daAuts
  Bailey: 1359 daAuts
  Lair:6: 1353 daAuts
  Lair:1: 1326 daAuts
     D:8: 1303 daAuts
     D:5: 1244 daAuts
     D:2: 1204 daAuts
  Lair:5: 1169 daAuts
